 Dungeon Crawl Stone Soup version 0.32-a0-876-gcfddb08e57 (webtiles) character file.

Game seed: 15200635295905868460

5700 bjtr the Geomancer (level 10, -12/43 HPs)
             Began as a Vine Stalker Earth Elementalist on Mar 30, 2024.
             Was a Follower of Hepliaklqana.
             Mangled by a vault guard
             ... wielding a +0 broad axe
              (16 damage)
             ... in a bailey on Apr 1, 2024.
             The game lasted 00:48:52 (8973 turns).

bjtr the Geomancer (VSEE)                           Turns: 8973, Time: 00:48:52

Health: -12/43     AC:  5    Str: 10    XL:     10   Next: 76%
Magic:  0/32       EV: 17    Int: 25    God:    Hepliaklqana [*.....]
Gold:   312        SH:  0    Dex: 12    Spells: 7/25 levels left

rFire   + . .        a - +1 rapier
rCold   + + .        (no shield)
rNeg    . . .        E - +1 robe of Loss {+Blink rC++ MP+9 Dex-4}
rPois   .            (no helmet)
rElec   .            M - +1 cloak
rCorr   .            (no gloves)
SInv    .            (no boots)
Will    +....        V - amulet of magic regeneration
Stlth   ++           X - +6 ring of intelligence
HPRegen 1.07/turn    p - ring "Seiniw" {rF+ EV+5}
MPRegen 0.63/turn

%: guardian spirit
@: on blink cooldown, invisible, very slow
A: reduced essence, fangs 3, regeneration 1, magic shield, antimagic bite, no
potion heal 2
a: Renounce Religion, Evoke Blink, Recall Ancestor, Ancestor Identity


You were in a bailey.
You worshipped Hepliaklqana.
Hepliaklqana was aware of your devotion.
You visited 2 branches of the dungeon, and saw 9 of its levels.
You also visited: Sewer, Ossuary and Bailey.

You collected 312 gold pieces.

Inventory:

Hand Weapons
 a - a +1 rapier (weapon)
 b - a +0 sling of flaming
 c - a +2 whip of venom
 f - a +0 broad axe
 B - a +1 dagger of speed
 F - a +0 rapier
 I - a +1 mace of protection
 N - a +2 flail of draining
Missiles
 k - 10 poisoned darts
 u - 6 darts of dispersal
 D - a throwing net
Armour
 w - an orb of light
 x - a +3 ring mail
 E - the +1 robe of Loss (worn) {+Blink rC++ MP+9 Dex-4}
   (You took it off a goblin on level 4 of the Dungeon)

   Dex-4:     It affects your dexterity (-4).
   rC++:      It greatly protects you from cold.
   MP+9:      It affects your magic capacity (+9).
   +Blink:    It lets you blink.
 G - a +1 leather armour of fire resistance
 M - a +1 cloak (worn)
Jewellery
 i - a ring of positive energy
 n - a ring of protection from cold
 p - the ring "Seiniw" (right hand) {rF+ EV+5}
   (You acquired it on level 4 of the Dungeon)

   [ring of evasion]

   EV+5:      It affects your evasion (+5).
   rF+:       It protects you from fire.
 q - a ring of magical power
 V - an amulet of magic regeneration (around neck)
 X - a +6 ring of intelligence (left hand)
Wands
 d - a wand of polymorph (15)
 K - a wand of flame (8)
 O - a wand of digging (4)
Scrolls
 h - 2 scrolls of enchant armour
 l - 4 scrolls of fear
 m - 2 scrolls of immolation
 J - 3 scrolls of poison
 R - a scroll of blinking
 S - a scroll of teleportation
 U - a scroll of enchant weapon
 W - 2 scrolls of identify
Potions
 e - 2 potions of attraction
 g - 2 potions of brilliance
 r - 2 potions of cancellation
 s - 2 potions of might
 t - 2 potions of mutation
 A - 4 potions of magic
 C - 5 potions of curing
 Q - 2 potions of invisibility
 T - 5 potions of haste


   Skills:
 + Level 2.9 Fighting
 + Level 5.9 Short Blades
 - Level 1.8 Maces & Flails
 + Level 1.5 Armour
 + Level 4.1 Dodging
 + Level 4.8 Stealth
 + Level 8.4 Spellcasting
 + Level 1.3 Conjurations
 * Level 9.7 Earth Magic


You had 7 spell levels left.
You knew the following spells:

 Your Spells              Type           Power      Damage    Failure   Level
a - Sandblast             Erth           100%       2d20      1%          1
b - Passwall              Erth           56%        N/A       1%          3
c - Stone Arrow           Conj/Erth      76%        3d11      1%          3
d - Brom's Barrelling Bo  Conj/Erth      38%        2d6       6%          4
e - Petrify               Alch/Erth      34%        N/A       8%          4
f - Confusing Touch       Hex            10%        N/A       17%         3

Your spell library contained the following spells:

 Spells                   Type           Power      Damage    Failure   Level
 Tukima's Dance           Hex            10%        N/A       17%         3
 Polar Vortex             Ice            5%         N/A       100%        9


Dungeon Overview and Level Annotations

Branches:
Dungeon (8/15)             Temple (1/1) D:7           Sewer (visited)
Ossuary (visited)          Bailey (1/1)
   Lair: D:8-11

Altars:
Ashenzari
Cheibriados
Hepliaklqana
Kikubaaqudgha
Nemelex Xobeh
Okawaru
Qazlal
Uskayaw
Wu Jian
Xom
Yredelemnul

Shops:
D:1 *   D:3 [

Annotations:
D:1 1 transporter
D:7 3 runed translucent doors, dolemite99's ghost, novice GnEE


Innate Abilities, Weirdness & Mutations

Your life essence is reduced to manifest your ancestor. (-10% HP)
You have razor-sharp teeth.
Your natural rate of healing is unusually fast.
When hurt, damage is shared between your health and your magic reserves.
Your bite disrupts and absorbs the magic of your enemies.
Potions cannot restore your health.


Message History

The vault guard closely misses you.
You closely miss the vault guard.
You bite the vault guard, but do no damage.
The vault guard is moderately wounded.
The vault guard hits you but does no damage.
You hit the vault guard but do no damage.
The vault guard is moderately wounded.
The vault guard splashes around in the water.
You puncture the vault guard! Your bite misses the vault guard.
The vault guard is heavily wounded.
The vault guard splashes around in the water.
Casting: Brom's Barrelling Boulder (quite dangerous; 6% risk of failure)
Confirm with . or Enter, or press ? or * to list all spells.
Aiming: Stone Arrow (safe; 1% risk of failure)
Press: ? - help, Shift-Dir - straight line, f/p - vault guard
Aim: a vault guard, wielding a +0 broad axe and wearing a +0 chain mail (heavily wounded, 71% to hit)
The stone arrow hits the vault guard!
The vault guard is severely wounded.
The vault guard hits you with a +0 broad axe.
Casting: Stone Arrow (safe; 1% risk of failure)
Confirm with . or Enter, or press ? or * to list all spells.
Aiming: Stone Arrow (safe; 1% risk of failure)
Press: ? - help, Shift-Dir - straight line, f/p - vault guard
Aim: a vault guard, wielding a +0 broad axe and wearing a +0 chain mail (severely wounded, 71% to hit)
The stone arrow hits the vault guard!
The vault guard is almost dead.
The vault guard hits you with a +0 broad axe!!
* * * LOW HITPOINT WARNING * * *
Unknown command.
You blink.
Splash!
You fall into the shallow water.
Moving in this stuff is going to be slow.
The vault guard hits you with a +0 broad axe!
* * * LOW HITPOINT WARNING * * *
Unknown command.
You fade into invisibility!
The vault guard hits you with a +0 broad axe!
You die...
Hepliaklqana delivers you to your ancestors.

#..##≈~~~..~≈#$..~
##.#≈~~~.~.~≈##..~##
###≈~~~....~≈#~..~#
#≈~~~...~~≈##~..#
#≈~~~.....~≈###'#
#≈~~~.....[~≈≈≈.#
##≈~~......)...##
#≈~~......§p~~#
##≈~~##'##~~@##
##≈##...##~##
###.....### #..∩..#
#.....# #.....#
#.....# ##...##
#####


You could see a vault guard.

Vanquished Creatures
  A vault guard (Bailey)
  Prince Ribbit (Bailey)
  The ghost of TwadoKnight the Shield-Bearer, an amateur MiFi (D:4)
  2 yaks (D:6)
  2 humans (Bailey)
  Eustachio (D:5)
  Edmund (D:6)
  A water moccasin (D:4)
  3 black bears
  An orc warrior (D:6)
  3 sky beasts
  An ice beast (D:6)
  2 ogres (D:5)
  2 phantoms
  2 brain worms (Sewer)
  A kobold brigand (D:4)
  11 bullfrogs
  2 scorpions (D:6)
  4 killer bees (D:7)
  A howler monkey (D:7)
  A jelly (D:6)
  2 centaur zombies (Ossuary)
  A hound (D:5)
  3 orc priests
  Crazy Yiuf (D:6)
  2 orc wizards (D:5)
  Terence (D:3)
  2 iguanas (D:5)
  3 scorpion zombies (D:6)
  2 sleepcaps (D:7)
  3 crocodile zombies (Ossuary)
  3 mummies (Ossuary)
  Robin (D:4)
  9 gnolls
  14 adders
  A howler monkey skeleton (D:6)
  A river rat (Sewer)
  2 shadow imps (D:5)
  A white imp (D:6)
  4 dart slugs
  3 ribbon worms
  14 orcs
  6 ball pythons
  3 bats
  8 endoplasms
  2 giant cockroaches
  4 gnoll zombies (Ossuary)
  21 goblins
  9 hobgoblins
  9 jackals
  A quokka (D:3)
  10 frilled lizards
  12 kobolds
  8 rats
210 creatures vanquished.

Vanquished Creatures (collateral kills)
  A yak (D:6)
  2 humans (Bailey)
  A bullfrog (D:7)
  A howler monkey (D:7)
  2 jellies
  An orc (D:7)
  2 goblins (D:8)
10 creatures vanquished.

Vanquished Creatures (others)
  4 ancestors
4 creatures vanquished.

Grand Total: 224 creatures vanquished

Notes
Turn   | Place    | Note
-------+----------+-------------------------------------------
     0 | D:1      | bjtr the Vine Stalker Earth Elementalist began the quest
                  | for the Orb.
     0 | D:1      | Reached XP level 1. HP: 9/9 MP: 4/4
   141 | D:1      | Reached XP level 2. HP: 13/13 MP: 1/6
   274 | D:1      | Upgraded the game from 0.32-a0-871-ge202e49faa to
                  | 0.32-a0-876-gcfddb08e57
   469 | D:1      | Found Zeexoruva's Assorted Antiques.
   644 | D:1      | Reached XP level 3. HP: 16/16 MP: 5/8
   833 | D:2      | Reached skill level 1 in Short Blades
   920 | D:2      | Reached XP level 4. HP: 14/21 MP: 2/9
  1666 | D:2      | Reached XP level 5. HP: 25/25 MP: 7/11
  2065 | D:3      | Found a glowing drain.
  2071 | D:3      | Noticed Terence
  2092 | D:3      | Killed Terence
  2110 | Sewer    | Entered a sewer
  2131 | Sewer    | Reached skill level 4 in Earth Magic
  2140 | Sewer    | Reached XP level 6. HP: 24/29 MP: 2/13
  2284 | Sewer    | Reached skill level 1 in Maces & Flails
  2649 | D:3      | Found Mam Yrra's Antique Armour Shop.
  2794 | D:3      | Reached XP level 7. HP: 32/32 MP: 8/14
  2941 | D:3      | Learned a level 3 spell: Passwall
  2945 | D:3      | Learned a level 3 spell: Stone Arrow
  2980 | D:3      | Found a stormy altar of Qazlal.
  3472 | D:4      | Identified a scroll of acquirement
  3474 | D:4      | Acquired the ring "Seiniw" {rF+ EV+5}
  3486 | D:4      | Found a transporter.
  3507 | D:4      | Noticed TwadoKnight's ghost (amateur MiFi)
  3605 | D:4      | Reached skill level 1 in Fighting
  3605 | D:4      | Reached skill level 5 in Spellcasting
  3653 | D:4      | Learned a level 4 spell: Brom's Barrelling Boulder
  3658 | D:4      | Learned a level 4 spell: Petrify
  3702 | D:4      | Found a transporter.
  3798 | D:4      | Noticed Robin
  3799 | D:4      | Identified the +1 robe of Loss {+Blink rC++ MP+9 Dex-4}
  3856 | D:4      | Killed Robin
  4167 | D:5      | Entered Level 5 of the Dungeon
  4171 | D:5      | Reached skill level 1 in Armour
  4171 | D:5      | Reached skill level 5 in Earth Magic
  4275 | D:5      | Gained mutation: You have razor-sharp teeth. [Vine Stalker
                  | growth]
  4275 | D:5      | Reached XP level 8. HP: 32/37 MP: 16/16
  4434 | D:5      | Noticed Eustachio
  4585 | D:5      | Killed Eustachio
  4699 | D:5      | Reached skill level 6 in Earth Magic
  5031 | D:5      | Found a broken altar of Ashenzari.
  5550 | D:5      | Found a hazy altar of Hepliaklqana.
  5555 | D:5      | Became a worshipper of Hepliaklqana the Forgotten
  5644 | D:6      | Noticed a yak
  5645 | D:6      | Noticed a yak
  5645 | D:6      | Noticed a yak
  5721 | D:6      | Found a runed translucent door.
  5722 | D:6      | Noticed Crazy Yiuf
  5729 | D:6      | Killed Crazy Yiuf
  6043 | D:6      | Reached XP level 9. HP: 41/41 MP: 19/19
  6073 | D:6      | Reached skill level 7 in Earth Magic
  6111 | D:6      | Found a sand-covered staircase.
  6111 | D:6      | Noticed Edmund
  6125 | D:6      | Killed Edmund
  6134 | Ossuary  | Entered an ossuary
  6768 | D:6      | Got the Lectures on the Hexed Crevasse
  6827 | D:6      | Reached * piety under Hepliaklqana
  7396 | D:7      | Found a runed translucent gate.
  7400 | D:7      | Found a runed translucent gate.
  7401 | D:7      | Found a runed translucent gate.
  7402 | D:7      | Noticed dolemite99's ghost (novice GnEE)
  7482 | D:7      | Found a staircase to the Ecumenical Temple.
  7616 | D:7      | Reached skill level 8 in Earth Magic
  7621 | D:7      | Reached skill level 5 in Short Blades
  7954 | D:7      | Reached XP level 10. HP: 41/41 MP: 22/22
  7964 | D:7      | Learned a level 3 spell: Confusing Touch
  8184 | D:4      | Killed TwadoKnight's ghost
  8499 | Temple   | Entered the Ecumenical Temple
  8616 | D:8      | Reached skill level 9 in Earth Magic
  8639 | D:8      | Found a flagged portal.
  8658 | Bailey   | Entered a bailey
  8821 | Bailey   | Noticed Prince Ribbit
  8821 | Bailey   | Noticed a vault guard
  8835 | Bailey   | Killed Prince Ribbit
  8853 | Bailey   | Killed a vault guard
  8944 | Bailey   | Noticed a vault guard
  8973 | Bailey   | Mangled by a vault guard

Illustrated notes

Levels and vault maps discovered:
D:1:      spicycebolla_arrival_transporter_tutorial, layout_loops_ring,
          serial_shops, nicolae_shop_stone, grunt_decor_arrowhead
D:2:      layout_loops_corners, minmay_tetromino_t4
D:3:      layout_loops_ring, nicolae_qazlal_beasts_of_the_sky,
          cheibrodos_sewer_entry_drain, serial_shops, shop, minmay_bisected,
          uniq_terence
D:4:      layout_rooms, gammafunk_ghost_arena, nrook_mini_vaults,
          lexackson_kobold_supper, uniq_robin
D:5:      layout_basic, worldfamousw_hep_ancestral_shrine,
          mainiacjoe_overflow_surrounded_room, kennysheep_nub,
          minmay_crystal_room, chequers_serial_rivers_marsh, uniq_eustachio
D:6:      layout_basic, mainiacjoe_ossuary_entry_find_the_door, uniq_edmund,
          uniq_crazy_yiuf_cottage
D:7:      layout_basic, minmay_temple_entry_purple_smoke, gammafunk_ghost_split
D:8:      layout_loops_cross, fedhas_altar_fruit_tree, enter_bailey_5,
          kennysheep_small_square
Temple:   nicolae_temple_two_arcs
Bailey:   bailey_axe_froggy_fort_hellmonk, bailey

Skill      XL: |  1  2  3  4  5  6  7  8  9 10 |
---------------+-------------------------------+-----
Stealth        | 3 4 |  4.8
Spellcasting   | 3 4 5 6 7 8 |  8.4
Short Blades   | 1 2 3 5 |  5.9
Earth Magic    | 4 5 6 8 9 |  9.7
Maces & Flails | 1 |  1.8
Dodging        | 2 3 4 |  4.1
Fighting       | 1 2 |  2.9
Armour         | 1 |  1.5
Conjurations   | |  1.3

Action                     |  1- 3 |  4- 6 |  7- 9 | 10-12 || total
---------------------------+-------+-------+-------+-------++-------
  Melee: Dagger            |    20 |       |       |       ||    20
         Bite              |     3 |    18 |    88 |    32 ||   141
         Whip              |       |    75 |     8 |       ||    83
         Rapier            |       |       |   292 |    91 ||   383
   Cast: Sandblast         |    35 |    48 |   125 |    17 ||   225
         Stone Arrow       |       |       |     8 |     8 ||    16
         Brom's Barrelling |       |       |     3 |     5 ||     8
         Confusing Touch   |       |       |       |     1 ||     1
         Petrify           |       |       |       |     1 ||     1
Ability: Evoke Blink       |       |       |       |     1 ||     1
    Use: Scroll            |     1 |     7 |    15 |     3 ||    26
         Potion            |       |       |     1 |     1 ||     2
   Stab: Sleeping          |       |     2 |       |     4 ||     6
         Distracted        |       |     1 |       |     1 ||     2
 Armour: Robe              |    11 |    45 |   130 |    65 ||   251
         Ring mail         |       |    10 |    83 |       ||    93
  Dodge: Dodged            |    24 |    54 |   293 |   118 ||   489

Table legend: (Time is in decaauts)
 A = Elapsed time spent in this place.
 B = Non-inter-level travel time spent in this place.
 C = Inter-level travel time spent in this place.
 D = Time resting spent in this place.
 E = Time spent auto-exploring this place.
 F = Levels seen in this place.
 G = Mean time per level.
                   A        B        C        D        E       F      G
               +--------+--------+--------+--------+--------+-----+--------+
         Total |   9151 |   8696 |    455 |   1841 |   4405 |  12 |  762.6 |
       Dungeon |   7825 |   7370 |    455 |   1379 |   4112 |   8 |  978.1 |
        Temple |     15 |     15 |      0 |      0 |      0 |   1 |   15.0 |
         Sewer |    501 |    501 |      0 |     75 |    283 |   1 |  501.0 |
       Ossuary |    490 |    490 |      0 |    312 |      0 |   1 |  490.0 |
        Bailey |    319 |    319 |      0 |     75 |     10 |   1 |  319.0 |
               +--------+--------+--------+--------+--------+-----+--------+

Top non-repeatable levels by time:
     D:5: 1705 daAuts
     D:2: 1156 daAuts
     D:3: 1040 daAuts
     D:6: 1032 daAuts
     D:4: 977 daAuts
     D:7: 973 daAuts
     D:1: 880 daAuts
   Sewer: 501 daAuts
 Ossuary: 490 daAuts
  Bailey: 319 daAuts
     D:8: 61 daAuts
  Temple: 15 daAuts
